 Dungeon Crawl Stone Soup version 0.31-a0-263-ge8cad7f256 (webtiles) character file.

Game seed: 17848409752530580252

124 qw the Shooter (level 4, 1/1 HPs)
             Began as a Minotaur Hexslinger on July 13, 2023.
             Quit the game on level 3 of the Dungeon.
             The game lasted 00:55:53 (22953 turns).

qw the Shooter (Minotaur Hexslinger)               Turns: 22953, Time: 00:55:53

Health: 1/1        AC:  5    Str: 12    XL:     4   Next: 81%
Magic:  4/4        EV: 11    Int: 10    God:
Gold:   169        SH:  0    Dex: 15    Spells: 4/5 levels left

rFire   . . .        Y - +1 sling
rCold   . . .        (no shield)
rNeg    . . .        a - +0 ring mail
rPois   .            (helmet restricted)
rElec   .            (no cloak)
rCorr   .            (no gloves)
SInv    .            (no boots)
Will    .....        (no amulet)
Stlth   +            (no ring)
HPRegen 0.20/turn    (no ring)
MPRegen 0.09/turn

%: no passive effects
@: no status effects
A: horns 2, retaliatory headbutt
a: no special abilities


You were on level 3 of the Dungeon.
You visited 1 branch of the dungeon, and saw 3 of its levels.

You collected 169 gold pieces.


Innate Abilities, Weirdness & Mutations

You have a pair of horns on your head.
You reflexively headbutt those who attack you in melee.


   Skills:
 + Level 2.6 Fighting
 - Level 5.0 Ranged Weapons
 - Level 1.0 Armour
 - Level 2.1 Dodging
 - Level 1.0 Spellcasting
 - Level 2.0 Hexes


You had 4 spell levels left.
You knew the following spells:

 Your Spells              Type           Power      Damage    Failure   Level
a - Slow                  Hex            16%        N/A       34%         1

Your spell library contained the following spells:

 Spells                   Type           Power      Damage    Failure   Level
 Inner Flame              Hex/Fire       2%         N/A       83%         3
 Portal Projectile        Hex/Tloc       4%         N/A       83%         3
 Cause Fear               Hex            2%         N/A       98%         4

Inventory:

Hand Weapons
 Y - a +1 sling (weapon)
Armour
 a - a +0 ring mail (worn)
Scrolls
 b - a scroll of identify
Potions
 c - a potion of enlightenment {unknown}
 d - a potion of brilliance {unknown}
 e - a potion of heal wounds {unknown}

Dungeon Overview and Level Annotations

Branches:
Dungeon (3/15)

Altars:

Shops:
D:1 !


Message History

Enter note:
Enter note:
Enter note:
Enter note:
Enter note:
Enter note:
Enter note:
Enter note:
Enter note:
Enter note:
Enter note:
Enter note:
Enter note:
Enter note:
Enter note:
Enter note:
Enter note:
Enter note:
Enter note: The frilled lizard unfolds its giant frill.
Enter note:
Enter note:
Enter note:
Enter note:
Enter note:
Enter note:
Enter note:
Enter note:
Enter note:
Enter note:
Enter note:
Enter note:
Enter note:
Enter note:
Enter note:
Enter note: Zot's power touches on you...
Buggy note passed: unknown note type
22953 ||| QUITTING!
Are you sure you want to abandon this character and quit the game? (Confirm with "yes".)

...888..8..#
)........## #
#.88..?.88.##
..........####
#..8..#..8..#
########...^8^
##.88...S88.##
#..####
#..+..888...#
#....#
##.8888...#)#
##...#
#.^8...###.#
#...#
##...###...##
#...#
#.###...8@.#
#.<.#
###...8888.#
#...#
...8+8Sl8..#
#...#
#.88....88.#
#...#
#.S8..#..8..
#####
##.88....88.#
#..8..888...
##.8888...###


You could see an adder, a ball python and a frilled lizard.

Vanquished Creatures
  3 adders
  3 gnolls (D:3)
  A worm (D:3)
  3 dart slugs
  An orc (D:3)
  4 ball pythons (D:1)
  2 bats
  8 endoplasms
  2 giant cockroaches
  5 goblins
  4 hobgoblins
  8 kobolds
  2 quokkas
  4 frilled lizards
  8 rats
58 creatures vanquished.

Notes
Turn   | Place    | Note
-------+----------+-------------------------------------------
     0 | D:1      | qw the Minotaur Hexslinger began the quest for the Orb.
     0 | D:1      | Reached XP level 1. HP: 16/16 MP: 1/1
     0 | D:1      | 0 ||| qw: Version: 0.3-a-52-g30416fa
     0 | D:1      | 0 ||| qw: Game counter: 7117
     0 | D:1      | 0 ||| qw: Melee chars always use a shield: true
     0 | D:1      | 0 ||| qw: God list: Okawaru
     0 | D:1      | 0 ||| qw: Allow faded altars: false
     0 | D:1      | 0 ||| qw: Do Orc after clearing Dungeon:15 true
     0 | D:1      | 0 ||| qw: Do second Lair branch before Depths: true
     0 | D:1      | 0 ||| qw: Lair rune preference: random
     0 | D:1      | 0 ||| qw: Goals: Normal
     0 | D:1      | 0 ||| PLANNING D:1-11
   150 | D:1      | Reached skill level 3 in Ranged Weapons
   167 | D:1      | Reached XP level 2. HP: 23/23 MP: 2/2
   307 | D:1      | HP: 6/24 [poisoned by a kobold]
   702 | D:1      | 702 ||| UPGRADING to +0 leather armour.
   754 | D:1      | 754 ||| DROPPING +0 robe.
   758 | D:1      | Found Meoqen's Distillery.
   769 | D:1      | 769 ||| SHOPLISTING potion of curing (36 gold, have 16).
   769 | D:1      | 769 ||| SHOPLISTING potion of heal wounds (60 gold, have
                  | 16).
   813 | D:1      | Reached XP level 3. HP: 29/29 MP: 3/3
  1005 | D:1      | 1005 ||| READING scroll labelled KONOBIGAUGU.
  1006 | D:1      | 1006 ||| READING 2 scrolls labelled WIEPNOBINI.
  1007 | D:1      | 1007 ||| READING scroll labelled JEETHRI URAJONWE.
  1008 | D:1      | 1008 ||| READING scroll labelled AXUPEZ JIMYE.
  1013 | D:1      | 1013 ||| DROPPING scroll of poison.
  1014 | D:1      | 1014 ||| DROPPING scroll of noise.
  1070 | D:2      | Reached skill level 4 in Ranged Weapons
  1369 | D:2      | Reached XP level 4. HP: 36/36 MP: 4/4
  1457 | D:2      | 1457 ||| UPGRADING to +0 ring mail.
  1467 | D:2      | 1467 ||| DROPPING +0 leather armour.
  1468 | D:2      | 1468 ||| READING scroll labelled FUBUAFFUXA.
  1569 | D:2      | 1569 ||| READING 2 scrolls labelled PACOC VATS.
  1570 | D:2      | 1570 ||| READING scroll labelled BOSHRU AT CUJU.
  1571 | D:2      | 1571 ||| DROPPING scroll of vulnerability.
  1612 | D:3      | Reached skill level 1 in Armour
  1713 | D:3      | HP: 8/36 [worm (5)]
  1878 | D:3      | Reached skill level 5 in Ranged Weapons
 16953 | D:3      | Glimpsed the power of Zot.
 17453 | D:3      | Glimpsed the power of Zot.
 17853 | D:3      | Glimpsed the power of Zot.
 17952 | D:3      | Touched by the power of Zot (MHP 37 -> 28)
 17953 | D:3      | Glimpsed the power of Zot.
 18453 | D:3      | Glimpsed the power of Zot.
 18853 | D:3      | Glimpsed the power of Zot.
 18952 | D:3      | Touched by the power of Zot (MHP 27 -> 20)
 18953 | D:3      | Glimpsed the power of Zot.
 19453 | D:3      | Glimpsed the power of Zot.
 19853 | D:3      | Glimpsed the power of Zot.
 19952 | D:3      | Touched by the power of Zot (MHP 19 -> 13)
 19953 | D:3      | Glimpsed the power of Zot.
 20453 | D:3      | Glimpsed the power of Zot.
 20853 | D:3      | Glimpsed the power of Zot.
 20952 | D:3      | Touched by the power of Zot (MHP 13 -> 8)
 20953 | D:3      | Glimpsed the power of Zot.
 21453 | D:3      | Glimpsed the power of Zot.
 21853 | D:3      | Glimpsed the power of Zot.
 21952 | D:3      | Touched by the power of Zot (MHP 7 -> 3)
 21953 | D:3      | Glimpsed the power of Zot.
 22453 | D:3      | Glimpsed the power of Zot.
 22853 | D:3      | Glimpsed the power of Zot.
 22952 | D:3      | Touched by the power of Zot (MHP 3 -> 1)
 22953 | D:3      | 22953 ||| QUITTING!
 22953 | D:3      | Quit the game

Levels and vault maps discovered:
D:1:      dpeg_cavernosity, layout_basic, serial_glass, glass_columns_b,
          glass_columns_b, serial_shops, shop
D:2:      layout_rooms
D:3:      minmay_skewed_foursquare, layout_basic, lightli_temple_of_fire,
          ebering_dispersal_statue_hall

Skill      XL: |  1  2  3  4 |
---------------+-------------+-----
Ranged Weapons | 3 4 5 |  5.0
Fighting       | 2 |  2.6
Armour         | 1 |  1.0
Dodging        | |  2.1
Spellcasting   | |  1.0
Hexes          | |  2.0

Action                     |  1- 3 |  4- 6 || total
---------------------------+-------+-------++-------
   Fire: Sling             |   113 |    64 ||   177
    Use: Scroll            |     4 |     3 ||     7
 Armour: Robe              |     3 |       ||     3
         Leather armour    |     5 |       ||     5
         Ring mail         |       |     6 ||     6
  Dodge: Dodged            |    34 |    16 ||    50

Table legend:
 A = Non-vault XP
 B = Vault XP
 C = Vault XP percentage of total XP
 D = Non-vault monster count
 E = Vault monster count
 F = Vault count percentage of total count
                 A         B        C        D         E       F
            +---------+---------+-------+---------+---------+-------
      Total |     157 |      21 |  11.8 |      53 |       5 |   8.6
            +---------+---------+-------+---------+---------+-------
        D:1 |      42 |       7 |  14.3 |      24 |       4 |  14.3
        D:2 |      49 |       0 |   0.0 |      15 |       0 |   0.0
        D:3 |      66 |      14 |  17.5 |      14 |       1 |   6.7
            +---------+---------+-------+---------+---------+-------
